Map: Orbital Shipyard

Players

Dayshi - Winner!

  • Race: Terran Terran
  • League: Grandmaster

Miszu

  • Race: Terran Terran
  • League: Grandmaster

VOD

Have the link to the VOD?

Description

Time

  • Played on: Feb. 19, 2016, 11:21 a.m.
  • Length: 2:36
Show
View Real Time Build Order
Export as new Build Order

Dayshi Terran - Winner!

Build Orders:  

Get SALT Encoding   

  12  0:00  SCV  
  13  0:13  SCV  
  14  0:18  Supply Depot  
  14  0:25  SCV  
  15  0:40  SCV  
  15  0:41  Barracks  
  16  0:43  Refinery  
  16  0:52  SCV  
  17  1:02  Barracks  
  17  1:04  SCV  
  18  1:16  SCV  
  19  1:28  Reaper, Orbital Command  
  20  1:36  Supply Depot  
  20  1:50  Reaper  
  21  1:55  SCV  
  21  1:56  Refinery  
  22  2:04  Reaper  
  22  2:07  SCV  
  24  2:20  SCV  
Show
View Real Time Build Order
Export as new Build Order

Miszu Terran 

Build Orders:  

Get SALT Encoding   

  12  0:01  SCV  
  13  0:13  SCV  
  14  0:17  Supply Depot  
  14  0:25  SCV  
  15  0:39  SCV  
  16  0:45  Barracks  
  16  0:47  Refinery  
  16  0:51  SCV  
  17  1:03  SCV  
  18  1:15  SCV  
  19  1:32  Orbital Command  
  19  1:33  Barracks Reactor  
  19  1:49  Command Center  
  19  1:54  Supply Depot  
  19  1:58  SCV  
  20  2:09  Marine x2  
  20  2:10  SCV  
  23  2:15  Factory  
  23  2:23  SCV  
Tags
 
Add a new tag
Caveats
  • Supply blocks, unpowered buildings, or Contaminate may cause inaccurate times.
  • Supply counts are checked every 10 seconds.